AoeStats
← Chris P. Bacon

MegaRandom

505410107Analyzed
1v1 RM · 23d ago on Sep 9, 2026· 30m 30s· 2 players
Game mode
Random Map
Map size
Tiny (2 player)
Population
200
Speed
Normal
Resources
Standard
Victory
Conquest
Starting age
Dark Age
Ending age
Imperial Age
RankedLock teamsTeams togetherTeam positionsShared explorationLock speedFull tech treeHidden civsTurbo modeCheats
Victory
Defeat
🇫🇷 Franks · France
866
+16
🇩🇪 Franks · Germany
870
-43
Toxico13
8:12 Loom
10:41 Feudal Age
12:09 Double-Bit Axe
13:12 Man-at-Arms
16:39 Wheelbarrow
19:08 Scale Mail Armor
23:05 Castle Age
23:01 Forging
23:44 Stone Mining
24:26 Bow Saw
24:40 Hand Cart
25:22 Scale Barding Armor
25:18 Gold Mining
28:03 Town Watch
29:37 Iron Casting
28:35 Long Swordsman
30:06 Chain Barding Armor
30:47 Fletching
Chris P. Bacon
0:35 Loom
11:23 Feudal Age
12:13 Double-Bit Axe
13:50 Wheelbarrow
13:01 Town Watch
21:07 Scale Barding Armor
21:13 Forging
24:59 Castle Age
23:23 Fishing Lines
23:56 Gold Mining
23:59 Stone Mining
25:59 Hand Cart
26:22 Pikeman
30:29 Bow Saw
Connection lost

Rejoining the realm…

Still unreachable

The connection could not be restored.

Session expired

The server has moved on; the page needs a fresh start.